 Dungeon Crawl Stone Soup version 0.28-a0-653-g7e9dba17c3 (webtiles) character file.

Game seed: 8090214134711132138

30 pokeman the Magician (level 3, 0/20 HPs)
             Began as a Deep Elf Hedge Wizard on Oct 11, 2021.
             Killed from afar by Natasha (7 damage)
             ... with a magic dart
             ... on level 2 of the Dungeon.
             The game lasted 00:02:29 (1590 turns).

pokeman the Magician (Deep Elf Hedge Wizard)        Turns: 1590, Time: 00:02:30

Health: 0/20       AC:  3    Str:  7    XL:     3   Next: 5%
Magic:  2/11       EV: 11    Int: 19    God:
Gold:   36         SH:  0    Dex: 14    Spells: 1/12 levels left

rFire   . . .      SeeInvis .   d - staff of death
rCold   . . .      Faith    .   (no shield)
rNeg    + . .      Spirit   .   h - +0 leather armour
rPois   .          Reflect  .   c - +0 hat
rElec   .          Harm     .   (no cloak)
rCorr   .          Rampage  .   (no gloves)
Will    .....                   (no boots)
Stlth   ++........              (no amulet)
HPRegen 0.06/turn               (no ring)
MPRegen 0.12/turn               (no ring)

@: no status effects
A: no striking features
a: no special abilities


You were on level 2 of the Dungeon.
You visited 1 branch of the dungeon, and saw 2 of its levels.

You collected 36 gold pieces.

Inventory:

Missiles
 e - 37 arrows
Armour
 c - a +0 hat (worn)
 h - a +0 leather armour (worn)
Magical Staves
 d - a staff of death (weapon)
Scrolls
 a - 2 scrolls of identify {unknown}
 b - a scroll of magic mapping {unknown}
 g - a scroll of teleportation {unknown}
 i - a scroll of fog {unknown}
 k - a scroll of noise {unknown}
Potions
 f - 2 potions of curing
 j - a potion of berserk rage {unknown}


   Skills:
 + Level 0.7 Fighting
 + Level 0.8 Armour
 - Level 2.4 Dodging
 - Level 2.4 Stealth
 * Level 5.0 Spellcasting
 + Level 1.7 Conjurations
 - Level 1.1 Summonings
 - Level 1.1 Translocations


You had one spell level left.
You knew the following spells:

 Your Spells              Type           Power      Damage    Failure   Level
a - Magic Dart            Conj           44%        1d5       9%          1
b - Mephitic Cloud        Conj/Pois/Air  7%         N/A       38%         3
c - Call Imp              Summ           9%         N/A       17%         2
d - Blink                 Tloc           N/A        N/A       17%         2
e - Conjure Flame         Conj/Fire      8%         6-21      36%         3

Your spell library contained the following spells:

 Spells                   Type           Power      Damage    Failure   Level
 Slow                     Hex            4%         N/A       26%         2
 Frozen Ramparts          Ice            8%         1d2       47%         3
 Summon Ice Beast         Ice/Summ       6%         N/A       82%         4
 Ice Form                 Ice/Tmut       4%         N/A       87%         4


Dungeon Overview and Level Annotations

Branches:
Dungeon (2/15)

Altars:

Annotations:
D:2 Natasha


Message History

Confirm with . or Enter, or press ? or * to list all spells.
Aiming: Magic Dart (safe; 9% risk of failure)
Press: ? - help, Shift-Dir - straight line, f/p - Natasha
Aim: Natasha (severely wounded, 100% to hit)
The magic dart hits Natasha.
Natasha is severely wounded.
Natasha drinks a potion.
Natasha is healed!
Casting: Magic Dart (safe; 9% risk of failure)
Confirm with . or Enter, or press ? or * to list all spells.
Aiming: Magic Dart (safe; 9% risk of failure)
Press: ? - help, Shift-Dir - straight line, f/p - Natasha
Aim: Natasha (lightly wounded, 100% to hit)
You miscast Magic Dart.
You are very lightly contaminated with residual magic.
Nothing appears to happen.
Natasha claws you!
Casting: Magic Dart (safe; 9% risk of failure)
Confirm with . or Enter, or press ? or * to list all spells.
Aiming: Magic Dart (safe; 9% risk of failure)
Press: ? - help, Shift-Dir - straight line, f/p - Natasha
Aim: Natasha (lightly wounded, 100% to hit)
The magic dart hits Natasha.
Natasha is moderately wounded.
Natasha claws you.
* * * LOW HITPOINT WARNING * * *
Casting: Magic Dart (safe; 9% risk of failure)
Confirm with . or Enter, or press ? or * to list all spells.
Aiming: Magic Dart (safe; 9% risk of failure)
Press: ? - help, Shift-Dir - straight line, f/p - Natasha
Aim: Natasha (moderately wounded, 100% to hit)
The magic dart hits Natasha but does no damage.
Natasha is moderately wounded.
Natasha closely misses you.
Unknown command.
Natasha casts a spell at you. You resist with some effort.
Natasha mumbles some strange words.
Your magical contamination has completely faded away.
Natasha stares at you and mumbles some strange words.
The magic dart hits you!
You die...

.#.#
#.#.#.#.##################
##.# #.#.#.#.# #.#
#.#.#.#.# #.###.#.#.#.# .#
#....[..#.#.# #.#
#####.###.#.# #.#
######.#...#.######.###.#
........................
##.....#.###....@...# #
......[....(........###.#
##.#.....########.......#
#....#### #.#h.#### ######
#.##.# #.##5# #.##.##
#.##..# #.###.#


You could see Natasha and a white imp (summoned).

Vanquished Creatures
  A dart slug (D:1)
  4 endoplasms (D:1)
  A giant cockroach (D:1)
  2 goblins (D:1)
  3 hobgoblins (D:1)
  2 kobolds (D:1)
  4 quokkas (D:1)
  3 ball pythons (D:1)
  2 bats (D:1)
  A rat (D:1)
23 creatures vanquished.

Notes
Turn   | Place    | Note
-------+----------+-------------------------------------------
     0 | D:1      | pokeman the Deep Elf Hedge Wizard began the quest for the
                  | Orb.
     0 | D:1      | Reached XP level 1. HP: 10/10 MP: 7/7
   302 | D:1      | Reached XP level 2. HP: 15/15 MP: 7/9
   746 | D:1      | Reached skill level 5 in Spellcasting
   881 | D:1      | Found a faded altar of an unknown god.
   976 | D:1      | Reached XP level 3. HP: 20/20 MP: 6/11
   983 | D:1      | Learned a level 3 spell: Mephitic Cloud
   986 | D:1      | Learned a level 2 spell: Call Imp
   989 | D:1      | Learned a level 2 spell: Blink
   993 | D:1      | Learned a level 3 spell: Conjure Flame
  1571 | D:2      | Noticed Natasha
  1590 | D:2      | Killed from afar by Natasha

Illustrated notes

Levels and vault maps discovered:
D:1:      wander_arrival_lonely_grave, layout_loops_ring,
          ebering_ecumenical_altar_webs, chequers_serial_rivers_micro_a,
          minmay_misc_feat_diagonals, st_stairs_2
D:2:      layout_basic, uniq_natasha, uniq_jessica

Skill      XL: |  1  2 |
---------------+-------+-----
Spellcasting   | 5 |  5.0
Fighting       | |  0.7
Armour         | |  0.8
Dodging        | |  2.4
Stealth        | |  2.4
Conjurations   | |  1.7
Summonings     | |  1.1
Translocations | |  1.1

Action                   || total
-------------------------++-------
Melee: Staff             ||    10
 Cast: Magic Dart        ||    70
Armor: Robe              ||     5
Dodge: Dodged            ||    11

Table legend: (Time is in decaauts)
 A = Elapsed time spent in this place.
 B = Non-inter-level travel time spent in this place.
 C = Inter-level travel time spent in this place.
 D = Time resting spent in this place.
 E = Time spent auto-exploring this place.
 F = Levels seen in this place.
 G = Mean time per level.
                   A        B        C        D        E       F      G
               +--------+--------+--------+--------+--------+-----+--------+
         Total |   1592 |   1566 |     26 |     41 |   1325 |   2 |  796.0 |
       Dungeon |   1592 |   1566 |     26 |     41 |   1325 |   2 |  796.0 |
               +--------+--------+--------+--------+--------+-----+--------+

Top non-repeatable levels by time:
     D:1: 1325 daAuts
     D:2: 266 daAuts
